[Event "Budapest Chess Festival 2024"]
[Site "Budapest"]
[Date "2024.05.26"]
[Round "4.11"]
[White "Ivanisevic, Ivan"]
[Black "Pasti, Aron"]
[Result "1-0"]
[ECO "D30"]
[WhiteElo "2537"]
[BlackElo "2400"]
[Annotator "TA"]
[PlyCount "57"]
[EventDate "2024.05.20"]
[EventType "swiss"]
[EventCountry "HUN"]
[SourceTitle "playchess.com"]
[Source "ChessBase"]
[SourceQuality "1"]
[TimeControl "40/5400+30:1800+30"]

1. d4 d5 2. c4 e6 3. Nf3 Nf6 4. Bg5 Be7 5. Nc3 h6 6. Bf4 O-O 7. e3 b6 8. g4 Ne4 (8... c5 $11) 9. h4 $14 Bd6 10. Bxd6 {[%emt 0:01:29] White is slightly better.} (10. cxd5 $6 Nxc3 11. bxc3 Bxf4 12. exf4 exd5 $11) 10... Qxd6 11. g5 $1 Nxc3 12. bxc3 {[%emt 0:00:08] Threatens to win with gxh6.} h5 {[%emt 0:11:54] [#]} 13. g6 $1 {[%emt 0:03:42] Hoping for gxf7+.} fxg6 (13... Nd7 14. gxf7+) 14. Ne5 Rf6 (14... Bb7 $14) 15. Rg1 $16 Qa3 16. Rc1 {[%emt 0:05:25] White is more active.} (16. Nxg6 $2 Qxc3+ 17. Ke2 Qb2+ (17... Qxc4+ $2 18. Qd3 $19) 18. Qd2 Rxf2+ (18... Qxa1 $2 19. Ne7+ Kh8 20. Rg5 $19) 19. Kxf2 Qxd2+ $19) 16... Bd7 17. Nxg6 (17. Rxg6 Rxg6 18. Nxg6 Ba4 $14) 17... Ba4 {[%emt 0:00:52] Dodges Rc2} 18. Qd2 (18. Qxh5 $2 Qxc1+ 19. Ke2 Qd1#) 18... Nd7 19. Bd3 Rd8 (19... Re8 $142) 20. cxd5 $1 $18 exd5 21. f4 Rc6 (21... Nf8 $16) 22. Rg5 Nf6 23. Ne5 Re6 24. Kf2 c5 25. Rcg1 Re7 26. Kf3 {[%emt 0:05:40] The board is on fire.} (26. Kg2 $16 Bd7 27. Kh2 cxd4 28. cxd4) 26... Bd7 $2 {[%emt 0:02:08][%mdl 8192] [#]} ({Better is} 26... cxd4 $1 $14 27. cxd4 Rc8) 27. f5 $1 {[%emt 0:12:48] And now Qg2 would win.} cxd4 $2 {[%emt 0:01:04] [#]} (27... Ng4 28. Rxh5 (28. Nxg4 hxg4+ 29. Kxg4 cxd4 $16) 28... Rxe5) 28. exd4 $2 ({Less strong is} 28. cxd4 Be8 $16) (28. Qg2 $1 $18 {[%cal Rg5g7] and the rest is easy.} Ng4 (28... Rxe5 $2 {perishes.} 29. Rxg7+ Kf8 30. Rg8+ Nxg8 31. Qg7+ Ke8 32. Qxe5+ Kf8 33. Qg7+ Ke8 34. f6 $18) 29. Nxg4 (29. exd4 $2 Qxc3 30. Qc2 Nxe5+ 31. dxe5 Qxe5 $19) 29... hxg4+ 30. Qxg4 (30. Kxg4 Qd6 $16) 30... Rxe3+ 31. Kg2) 28... Rde8 $2 {[%emt 0:01:07][%mdl 8192] [#]} (28... Rf8 $16 29. Ng6 Ref7) 29. Rxg7+ $3 {[%emt 0:00:24][%mdl 512] Weighted Error Value: White=0.29 (precise) /Black=0.89.  Loses game:     	---       	Black=2      Missed win:     	White=1     	---        Mistake:       	White=1     	Black=5      Inaccurate:     	White=2     	---        OK:         	White=7     	Black=6      Best:        	White=2     	---        Strong:       	White=3     	---} 1-0

[Event "Budapest Chess Festival 2024"]
[Site "Budapest"]
[Date "2024.05.26"]
[Round "4.12"]
[White "Szpar, Milosz"]
[Black "Iliaguev, Nisim"]
[Result "1/2-1/2"]
[ECO "C42"]
[WhiteElo "2512"]
[BlackElo "2397"]
[Annotator "TA"]
[PlyCount "44"]
[EventDate "2024.05.20"]
[EventType "swiss"]
[EventCountry "HUN"]
[SourceTitle "playchess.com"]
[Source "ChessBase"]
[SourceQuality "1"]
[TimeControl "40/5400+30:1800+30"]

1. e4 e5 2. Nf3 Nf6 3. Nxe5 d6 4. Nf3 Nxe4 5. d3 Nf6 6. d4 d5 7. h3 h6 8. c4 Bb4+ 9. Nc3 O-O 10. Be3 Re8 11. a3 Bxc3+ 12. bxc3 Ne4 13. Bd3 Bf5 14. Bxe4 (14. Rc1 $1 $11) 14... Bxe4 $15 15. cxd5 Qxd5 16. O-O {[%emt 0:00:08] White is weak on the light squares} Nd7 17. Re1 Nb6 18. Ne5 $1 Nc4 ({Much weaker is} 18... Bxg2 $6 19. Qg4 Rxe5 20. dxe5 $16) (18... f6 $5 19. c4 Qe6 $15 (19... Nxc4 20. Nxc4 Qxc4 21. Bxh6 $11)) 19. Nxc4 Qxc4 20. f3 Bg6 21. Qd2 Re6 22. Bf4 Rae8 {[%emt 0:01:00] Weighted Error Value: White=0.11 (very precise) /Black=0.07 (flawless) .  Mistake:       	White=1     	---        Inaccurate:     	White=1     	Black=2      OK:         	White=5     	Black=5      Best:        	White=2     	---        Strong:       	White=1     	---} 1/2-1/2

[Event "Budapest Chess Festival 2024"]
[Site "Budapest"]
[Date "2024.05.26"]
[Round "4.14"]
[White "Visakh N R"]
[Black "Borgaonkar, Akshay"]
[Result "0-1"]
[ECO "A11"]
[WhiteElo "2511"]
[BlackElo "2372"]
[Annotator "RC"]
[PlyCount "112"]
[EventDate "2024.05.20"]
[EventType "swiss"]
[EventCountry "HUN"]
[SourceTitle "playchess.com"]
[Source "ChessBase"]
[SourceQuality "1"]
[TimeControl "40/5400+30:1800+30"]

1. c4 c6 2. Nf3 d5 3. e3 Nf6 4. Nc3 e6 5. b3 Bd6 6. Bb2 O-O 7. Qc2 e5 8. cxd5 cxd5 9. Nb5 Nc6 10. Nxd6 Qxd6 11. Rc1 Bg4 12. h3 Bxf3 13. gxf3 Rac8 14. Qb1 d4 15. Bg2 Nb4 16. O-O Qa6 17. Rxc8 Rxc8 18. Rc1 Rxc1+ 19. Qxc1 Nc6 20. a3 Qd3 21. b4 h6 22. Bf1 Qg6+ 23. Kh2 a6 24. Qc4 Qb1 25. Bc1 Qf5 26. Bg2 e4 27. Qc5 Qxc5 28. bxc5 Ne5 29. Bb2 Nxf3+ 30. Bxf3 exf3 31. d3 dxe3 32. fxe3 Nd5 33. Bd4 f5 34. Kg3 g5 35. Kxf3 Kf7 36. e4 fxe4+ 37. dxe4 Nf4 38. h4 Ne6 39. Be3 gxh4 40. Kg4 Ng5 41. Kxh4 Nxe4 42. Bxh6 Nxc5 43. Kg5 Ke6 44. Kg6 Ne4 45. Bf8 b5 46. Bb4 Nd6 47. Kg7 Nc4 48. Kf8 a5 49. Be1 a4 50. Bb4 Kd5 51. Ke7 Ne3 52. Kd7 Nc2 53. Bf8 b4 54. axb4 a3 55. Bg7 Nd4 56. b5 a2 0-1

[Event "Budapest Chess Festival 2024"]
[Site "Budapest"]
[Date "2024.05.26"]
[Round "4.15"]
[White "Popovic, Dusan"]
[Black "Moksh Amit Doshi"]
[Result "1/2-1/2"]
[ECO "C85"]
[WhiteElo "2486"]
[BlackElo "2359"]
[Annotator "TA"]
[PlyCount "42"]
[EventDate "2024.05.20"]
[EventType "swiss"]
[EventCountry "HUN"]
[SourceTitle "playchess.com"]
[Source "ChessBase"]
[SourceQuality "1"]
[TimeControl "40/5400+30:1800+30"]

1. e4 e5 2. Nf3 Nc6 3. Bb5 a6 4. Ba4 Nf6 5. O-O Be7 6. Bxc6 dxc6 7. d3 Bd6 8. Nbd2 Be6 9. Nb3 a5 10. Qe1 a4 11. Na5 Qb8 12. Bd2 O-O 13. Bc3 Nd7 14. d4 {[%emt 0:04:21][%cal Rd4e5] [#]} Rxa5 15. Bxa5 $11 {[%emt 0:00:22] Black should prevent dxe5. The position is equal.} Bc4 {[%emt 0:00:08] [#]} 16. Bc3 $1 {[%emt 0:10:42][%cal Rd4e5] dxe5! is the strong threat.} Bxf1 17. Qxf1 Re8 18. dxe5 Nxe5 19. Nxe5 Bxe5 20. Bxe5 Rxe5 21. Qc4 Qe8 {[%emt 0:03:24] Not much happened in this game.   Weighted Error Value: White=0.08 (flawless) /Black=0.07 (flawless) .  Mistake:       	---       	Black=1      Inaccurate:     	White=1     	---        OK:         	White=1     	Black=7} 1/2-1/2

[Event "Budapest Chess Festival 2024"]
[Site "Budapest"]
[Date "2024.05.26"]
[Round "4.16"]
[White "Egresi, Mate"]
[Black "Costa, Leonardo"]
[Result "0-1"]
[ECO "C77"]
[WhiteElo "2384"]
[BlackElo "2486"]
[Annotator "TA"]
[PlyCount "158"]
[EventDate "2024.05.20"]
[EventType "swiss"]
[EventCountry "HUN"]
[SourceTitle "playchess.com"]
[Source "ChessBase"]
[SourceQuality "1"]
[TimeControl "40/5400+30:1800+30"]

1. e4 e5 2. Nf3 Nc6 3. Bb5 a6 4. Ba4 Nf6 5. d3 d6 6. c3 g6 7. O-O Bg7 8. Re1 O-O 9. h3 h6 {[%emt 0:00:04] C77: Ruy Lopez: 3...a6 4 Ba4 Nf6, unusual lines.} 10. Be3 Nh7 $146 ({Predecessor:} 10... Re8 11. Nbd2 d5 12. Bxc6 bxc6 13. d4 dxe4 14. Nxe5 c5 15. Nb3 cxd4 16. cxd4 Bb7 17. Qd2 {½-½ Carlsen,M (2830)-Firouzja,A (2738) Chess.com Classic Div 1 W rapid 2024 (4.1)}) 11. d4 f5 12. exf5 e4 13. fxg6 exf3 14. gxh7+ Kh8 15. Nd2 fxg2 16. Qh5 Rf5 17. Qg6 Ne7 18. Qxg2 Be6 19. Bc2 Rh5 20. Bf4 Nd5 21. Bg3 Bxh3 22. Qf3 Nf6 23. Ne4 Bg4 24. Qf4 Nxe4 25. Bxe4 Qd7 26. Bf3 Rg5 27. Bg2 Rf8 28. Qe4 Bh3 29. Bxh3 Qxh3 30. Qg2 Qf5 31. Re4 d5 32. Rh4 Re8 33. Rf4 Qc2 34. Rf1 Qxb2 35. Qf3 Qxa2 36. Rf5 Qe2 (36... Kxh7 $2 37. Rxg5 Qd2 38. Rxd5 $18) 37. Qxd5 (37. Qxe2 $1 $15 Rxe2 38. Rf7) 37... c6 $17 38. Qd7 Qe7 39. Qxe7 Rxe7 40. Rxg5 hxg5 41. Bd6 Rd7 42. Bc5 Kxh7 43. Kg2 Kg6 44. Re1 Bf6 45. Kg3 Kf5 46. f3 Rh7 47. Re2 (47. Kg2 $17 {was worth a try.}) 47... Bd8 $1 $19 48. Re5+ Kf6 49. Re8 (49. Bd6 $142) 49... Bc7+ $1 $19 50. Kf2 b6 $1 51. Ba3 Rh2+ 52. Ke3 $2 (52. Kf1) 52... Ra2 53. Bf8 Bf4+ 54. Kd3 b5 55. Rc8 Kf5 56. c4 Rf2 57. Rxc6 Rxf3+ 58. Ke2 Re3+ 59. Kf1 Ke4 60. cxb5 axb5 (60... Kxd4 61. Bc5+ (61. Rxa6 Rb3 $11) (61. bxa6 Re8 $14) 61... Kd5 62. Bxe3 axb5 63. Rc5+ Kd6 64. Bd4 $18 (64. Bxf4+ Kxc5 65. Be3+ Kd5 $11)) 61. d5 Rd3 ({Inferior is} 61... Kxd5 62. Rc5+ Ke4 63. Rxb5 $11) 62. Re6+ Kxd5 (62... Kf3 $142 63. Bb4 Rxd5) 63. Re8 Rb3 64. Ke2 b4 65. Rd8+ Ke4 66. Re8+ Kf5 67. Bc5 Be5 68. Re7 Rb1 69. Rb7 b3 70. Rb5 Ke4 71. Rb4+ {[%emt 0:00:30] [#]} Kd5 $1 72. Be7 b2 73. Rb5+ Kc6 74. Rxe5 {[%emt 0:00:09] [#]} Re1+ (74... Rh1 $142 $3 75. Re6+ (75. Rc5+ Kd7) 75... Kd7 (75... Kb7 76. Bxg5 b1=Q 77. Re7+ Kc6 78. Ke3 Qf5 79. Bf4 Rh3+ 80. Kf2 Qxf4+ 81. Ke2 Qf3+ 82. Ke1 Rh1+ 83. Kd2 Rh2+ 84. Re2 Rxe2+ 85. Kd1 Qf1#) 76. Rd6+ Kxe7 77. Rb6 b1=Q (77... b1=B $2 78. Kf2 $19) 78. Rxb1 Rxb1 79. Ke3 Re1+ 80. Kf2 Re5 81. Kg2 Kf6 82. Kf3 Re8 83. Kg2 Kf5 84. Kg3 g4 85. Kf2 Kf4 86. Kg2 g3 87. Kg1 Kf3 88. Kf1 Re4 89. Kg1 Re1#) 75. Kxe1 $19 b1=Q+ (75... b1=B $2 {too greedy.} 76. Kf2 $18 (76. Bxg5 Bh7 $18)) 76. Kf2 Qc2+ 77. Kf3 Qd1+ 78. Kg3 Qg1+ 79. Kf3 Qf1+ 0-1

[Event "Budapest Chess Festival 2024"]
[Site "Budapest"]
[Date "2024.05.26"]
[Round "4.17"]
[White "Dolzhykova, Kateryna"]
[Black "Sokolovsky, Yahli"]
[Result "0-1"]
[ECO "C54"]
[WhiteElo "2305"]
[BlackElo "2484"]
[Annotator "TA"]
[PlyCount "70"]
[EventDate "2024.05.20"]
[EventType "swiss"]
[EventCountry "HUN"]
[SourceTitle "playchess.com"]
[Source "ChessBase"]
[SourceQuality "1"]
[TimeControl "40/5400+30:1800+30"]

1. e4 e5 2. Nf3 Nc6 3. Bc4 Bc5 4. c3 Nf6 5. d4 exd4 6. b4 Bb6 7. e5 d5 8. exf6 {[%emt 0:00:14] Black is slightly better.} dxc4 9. Qe2+ Be6 10. b5 $1 {[%emt 0:00:16] [#]} Nb4 $1 11. cxb4 (11. fxg7 {seems wilder.} Rg8 12. cxb4 Qf6 13. Qe5) 11... Qxf6 12. a4 a5 $36 {[%emt 0:17:30][%mdl 2048] Black fights for an advantage.} (12... d3 $5 13. Qb2 d2+ 14. Nbxd2 c3 $17) 13. bxa6 bxa6 14. Bg5 (14. a5 $11 Ba7 15. Qe5) 14... Qf5 15. Nbd2 (15. O-O $11) 15... O-O {[%emt 0:02:12] And now ...Bd5 would win.} (15... f6 $5 16. Bf4 O-O $17 (16... c3 17. O-O $15)) 16. Nxc4 Bd5 $1 17. Nxb6 cxb6 18. Qd2 (18. Nxd4 $2 Qxg5 19. h4 Qf4 $19 (19... Qxg2 $2 20. O-O-O $19)) (18. O-O $15 Bxf3 19. Qxf3 Qxg5 20. Rad1) 18... Bxf3 $17 19. gxf3 {[%emt 0:00:12] aiming for 0-0.} Rae8+ 20. Kf1 $1 {[%emt 0:00:30] [#] Threatens to win with Rg1.} Qh3+ $1 {[%emt 0:01:02][%mdl 1024] Black has strong compensation.} 21. Kg1 Re6 {[%emt 0:07:34] Black is more active.} (21... Qxf3 $142 {White must now prevent ...Qg4+.} 22. Qf4 (22. Qxd4 $2 Re4 $19) 22... Qd5) 22. Bf4 $2 {[%emt 0:07:54] [#] White does not recover from this.} (22. Qxd4 $17 {is the only way for White.} Rfe8 23. Rf1 Qxf3 (23... Re1 24. Qd3 $11) 24. Qd1) 22... Rfe8 $1 $19 {[%emt 0:04:03] Hoping for ...Re2.} 23. Rf1 $2 (23. Qxd4 $2 {is a self mate.} Re1+ 24. Rxe1 Rxe1#) (23. Bg3) 23... h5 ({Less strong is} 23... Qxf3 24. Bg3 $17) 24. Bg3 Re2 25. Qd1 b5 26. axb5 axb5 27. f4 R8e4 28. f5 h4 29. f6 gxf6 (29... hxg3 30. hxg3 Qg4 31. Qd3 $11) 30. Qa1 Kg7 {[%emt 0:00:58][%cal Oh3f5] ( -> ...Qf5!)} (30... hxg3 31. hxg3 Qc8 32. Qa3 $17) 31. Qb1 {[%emt 0:00:46] [#]} R4e3 $3 {[%emt 0:02:43][%mdl 512] Black mates.} 32. Bxh4 Qxh4 33. Qf5 Re5 34. Qf3 Rg5+ 35. Qg3 d3 {[%emt 0:00:10] Weighted Error Value: White=1.03/Black=0.11 (very precise) .  Loses game:     	White=1     	---        Mistake:       	White=4     	Black=2      Inaccurate:     	White=4     	Black=4      OK:         	White=3     	Black=6      Best:        	White=1     	Black=2      Strong:       	White=2     	Black=3} 0-1

[Event "Budapest Chess Festival 2024"]
[Site "Budapest"]
[Date "2024.05.26"]
[Round "4.18"]
[White "Krishnan, Ritvik"]
[Black "Hera, Imre Jr."]
[Result "1/2-1/2"]
[ECO "E29"]
[WhiteElo "2298"]
[BlackElo "2542"]
[Annotator "TA"]
[PlyCount "159"]
[EventDate "2024.05.20"]
[EventType "swiss"]
[EventCountry "HUN"]
[SourceTitle "playchess.com"]
[Source "ChessBase"]
[SourceQuality "1"]
[TimeControl "40/5400+30:1800+30"]

1. d4 Nf6 2. c4 e6 3. Nc3 Bb4 4. e3 O-O 5. a3 Bxc3+ 6. bxc3 c5 7. Bd3 Nc6 8. Rb1 b6 9. e4 e5 10. d5 Ne7 11. Ne2 Ng6 12. O-O d6 13. Bg5 h6 14. Be3 Ng4 15. Bd2 Qh4 16. h3 Nf6 17. f3 Nh5 18. Qe1 Qxe1 19. Rfxe1 Nhf4 20. Nxf4 exf4 21. Kf2 Ne5 22. Bf1 g5 23. g3 fxg3+ 24. Kxg3 f6 25. f4 gxf4+ 26. Bxf4 Kh7 27. Be2 Ba6 28. Bxe5 fxe5 29. Rf1 Kg7 30. Rxf8 Rxf8 31. Rf1 Rxf1 32. Bxf1 Bc8 33. Be2 Bd7 34. Bd1 Kf6 35. h4 Ke7 36. Kf2 Kd8 37. Ke3 Kc7 38. Kd3 Bh3 39. Kd2 Kb7 40. Be2 Ka6 41. Kc2 Ka5 42. Kb3 Bg2 43. Bd3 $1 Bf3 44. Kb2 a6 45. Kb3 Bd1+ 46. Kb2 Ka4 47. Kc1 $1 Bg4 (47... Bb3 $5 48. Kb2 $8 Bd1 $11) 48. Kb2 Bd7 49. Bc2+ Ka5 50. Kb3 Ba4+ 51. Kb2 Be8 52. Kb3 Bh5 53. Bd3 Bg6 54. Kb2 Bh7 55. Kb3 Bg8 56. Kb2 Bf7 57. Kb3 Bh5 58. Kb2 Bg4 59. Kb3 b5 60. cxb5 axb5 61. Bc2 Be2 62. Bb1 $2 (62. Kb2 $11 {and White is okay.}) 62... Bd1+ $2 (62... Bc4+ $19 63. Kb2 Be2) 63. Kb2 $11 Ka4 64. Bd3 b4 (64... c4 $5 65. Bb1 $8 Bf3 $11) 65. axb4 cxb4 66. Kc1 Bf3 67. cxb4 $1 Kxb4 68. Kd2 Kb3 69. Ke3 Bg2 70. Kd2 Kb2 71. Ke3 Kc3 72. Be2 Bh3 73. Bd1 Bd7 74. Be2 Kc2 75. Bf3 Bb5 76. Bg4 Kc1 77. Bf3 Ba4 78. Kd3 Kb2 79. Kc4 Ka3 80. Bg4 1/2-1/2

[Event "Budapest Chess Festival 2024"]
[Site "Budapest"]
[Date "2024.05.26"]
[Round "4.19"]
[White "Emanuel, Yahav"]
[Black "Mihok, Oliver"]
[Result "0-1"]
[ECO "B28"]
[WhiteElo "2317"]
[BlackElo "2528"]
[Annotator "TA"]
[PlyCount "96"]
[EventDate "2024.05.20"]
[EventType "swiss"]
[EventCountry "HUN"]
[SourceTitle "playchess.com"]
[Source "ChessBase"]
[SourceQuality "1"]
[TimeControl "40/5400+30:1800+30"]

1. e4 c5 2. Nf3 a6 3. c3 d5 4. exd5 Qxd5 5. d4 e6 6. Be3 Nd7 7. c4 Qc6 8. Nc3 Ngf6 {[%emt 0:00:39] The position is equal.} 9. Be2 b6 10. Ne5 Qc7 11. Bf3 $36 {[%emt 0:04:21][%mdl 2048] White has some pressure.} cxd4 12. Bxd4 {[%emt 0:05:35] [#] Hoping for Nxd7.} ({Much weaker is} 12. Bxa8 dxe3 (12... Qxe5 $2 13. Qxd4 Qb8 14. Bc6 $18) 13. Nd3 exf2+ (13... Qxc4 14. fxe3 a5 15. Rc1 $11) 14. Nxf2 Bd6 $17 (14... Qxc4 15. Rc1 $15)) 12... Bb7 13. Nxd7 Nxd7 14. O-O Bc5 15. Bxb7 ({Of course not} 15. Bxg7 Rg8 16. Bh6 Ne5 17. Bxb7 Qxb7 $17) 15... Qxb7 16. Bxc5 (16. Bxg7 $2 {perishes.} Rg8 17. Qg4 O-O-O $19 (17... Bf8 $2 18. Ne4 $19)) 16... bxc5 (16... Nxc5 $11 {remains equal.} 17. Qd4 O-O) 17. Qd6 Qb6 18. Rfd1 (18. Qg3 $16 {And now Rad1 would win.} O-O 19. b3) 18... Qxd6 $11 19. Rxd6 Ne5 20. b3 {[%emt 0:07:53] Threatens to win with Rad1.} Ke7 21. Rad1 {[%emt 0:00:51] Black must now prevent f4.} Rhd8 22. Rxd8 Rxd8 23. Rxd8 Kxd8 {[%emt 0:00:05][%mdl 4096] Endgame. KN-KN} 24. Na4 Nd7 25. f4 Kc7 26. Kf2 Kd6 27. Ke3 Nb8 28. Nc3 f5 {[%emt 0:01:30] Wards off Ne4+} 29. Ne2 Nc6 30. h3 e5 31. g4 g6 32. gxf5 gxf5 33. Ng3 Nd4 34. h4 $1 a5 35. Nf1 $2 {[%emt 0:00:32] [#]} (35. Nh5 $1 $11 {and White is okay.}) 35... Ne6 $1 $19 36. fxe5+ Kxe5 37. Nd2 Nd4 38. a3 $2 {[%emt 0:00:26][%mdl 8192] Loses the game.} (38. Nb1 $17 {might work better.}) 38... f4+ 39. Kd3 h5 40. b4 $2 (40. Kc3 Nc6 (40... Nf5 $2 41. b4 $19) 41. Kd3) 40... cxb4 41. axb4 axb4 42. c5 Kd5 43. Ne4 b3 44. c6 Nxc6 {[%emt 0:02:31] ( -> ...Ne5+)} 45. Nf6+ Ke5 {[%emt 0:01:02] Black mates.} 46. Nxh5 Nd4 47. Kc3 Ne2+ 48. Kxb3 f3 {[%emt 0:00:06] Weighted Error Value: White=0.68/Black=0.18 (very precise) .  Loses game:     	White=2     	---        Mistake:       	White=2     	Black=1      Inaccurate:     	White=1     	Black=1      OK:         	White=10    	Black=17     Best:        	---       	Black=4      Strong:       	White=1     	Black=1} 0-1

[Event "Budapest Chess Festival 2024"]
[Site "Budapest"]
[Date "2024.05.26"]
[Round "4.20"]
[White "Csonka, Balazs"]
[Black "Ongut, Tamas Gunes"]
[Result "1-0"]
[ECO "C28"]
[WhiteElo "2480"]
[BlackElo "2313"]
[Annotator "TA"]
[PlyCount "79"]
[EventDate "2024.05.20"]
[EventType "swiss"]
[EventCountry "HUN"]
[SourceTitle "playchess.com"]
[Source "ChessBase"]
[SourceQuality "1"]
[TimeControl "40/5400+30:1800+30"]

1. e4 e5 2. Bc4 Nc6 3. Nc3 Nf6 4. d3 Na5 5. Bb3 Nxb3 6. axb3 d5 7. exd5 Nxd5 8. Qh5 Nb4 9. Qxe5+ Be7 {[%emt 0:00:07] The position is equal.} 10. Qe2 O-O 11. Qd1 Bg4 12. Nge2 Bd6 13. f3 Bf5 14. Be3 {[%emt 0:12:41] Inhibits Bc5.} Re8 15. Bf2 Qf6 16. O-O Rad8 17. Ng3 $1 {[%emt 0:09:17] Black is now going downhill.} Qh6 18. Nce4 (18. Nxf5 $2 Qxh2#) 18... Bf4 {[%emt 0:05:30] [#]} 19. Rxa7 $1 Bc8 20. Nc3 Be3 21. Ra1 Bf4 22. Ra4 Nc6 23. Re1 Bd2 (23... Rxe1+ $16 24. Qxe1 Bd6) 24. Rxe8+ $18 Rxe8 25. Nd5 Rd8 26. Nxc7 Be3 27. Nb5 f5 28. Ra1 Bxf2+ 29. Kxf2 f4 30. Ne4 Ne5 31. Nbc3 Qb6+ 32. Kf1 Bf5 33. Qe1 Nxf3 $2 {[%emt 0:00:07] [#]} (33... Nc6 34. Qf2 Qxf2+ 35. Kxf2 Nb4) 34. gxf3 {[%emt 0:00:17] White is clearly winning.} Bh3+ 35. Ke2 Qe3+ 36. Kd1 Qxf3+ 37. Kd2 Bf5 38. Qe2 Qh3 39. Rf1 Bg4 40. Qf2 {[%emt 0:00:00] Weighted Error Value: White=0.15 (very precise) /Black=0.35.  Mistake:       	---       	Black=2      Inaccurate:     	White=1     	Black=2      OK:         	White=11    	Black=9      Best:        	White=3     	---        Strong:       	White=2     	---} 1-0

[Event "Budapest Chess Festival 2024"]
[Site "Budapest"]
[Date "2024.05.27"]
[Round "5.1"]
[White "Onyshchuk, Volodymyr"]
[Black "Kantor, Gergely"]
[Result "1/2-1/2"]
[ECO "C88"]
[WhiteElo "2619"]
[BlackElo "2527"]
[Annotator "TA"]
[PlyCount "31"]
[EventDate "2024.05.20"]
[EventType "swiss"]
[EventCountry "HUN"]
[SourceTitle "playchess.com"]
[Source "ChessBase"]
[SourceQuality "1"]
[TimeControl "40/5400+30:1800+30"]

1. e4 e5 2. Nf3 Nc6 3. Bb5 a6 4. Ba4 Nf6 5. O-O Be7 6. Re1 b5 7. Bb3 O-O 8. h3 Bb7 9. d3 d5 10. exd5 Nxd5 11. Nbd2 Nd4 12. Rxe5 Nxb3 13. axb3 {[%emt 0:02:46] The position is equal.} Nb4 14. Re1 c5 15. Ne4 f5 16. Neg5 {[%emt 0:06:40] Not much happened in this game.   Weighted Error Value: White=0.05 (flawless) /Black=0.02 (flawless) .  OK:         	White=2     	Black=4      Best:        	White=1     	---} 1/2-1/2

[Event "Budapest Chess Festival 2024"]
[Site "Budapest"]
[Date "2024.05.27"]
[Round "5.2"]
[White "Costa, Leonardo"]
[Black "Dragnev, Valentin"]
[Result "1/2-1/2"]
[ECO "B11"]
[WhiteElo "2486"]
[BlackElo "2566"]
[Annotator "TA"]
[PlyCount "111"]
[EventDate "2024.05.20"]
[EventType "swiss"]
[EventCountry "HUN"]
[SourceTitle "playchess.com"]
[Source "ChessBase"]
[SourceQuality "1"]
[TimeControl "40/5400+30:1800+30"]

1. e4 c6 2. Nc3 d5 3. Nf3 Bg4 4. h3 Bxf3 5. Qxf3 e6 6. Be2 Nf6 {[%emt 0:00:51] B11: Caro-Kann: Two Knights Variation.} 7. O-O d4 8. Nb1 Bd6 9. d3 Bc7 10. h4 c5 11. Nd2 Nc6 12. Qh3 e5 $146 ({Predecessor:} 12... Qe7 13. a3 h6 14. f4 e5 15. g3 Nd7 16. Bg4 h5 17. Bxd7+ Qxd7 18. Qxd7+ Kxd7 19. Nf3 f6 {½-½ Milde,L (2255)-Mallmann,B (2315) EU-ch 2022 sf02 email}) 13. h5 Qd7 14. Qxd7+ Kxd7 15. g3 g6 16. h6 Ke7 17. Nf3 Nd7 18. c3 Rhc8 19. Bd2 dxc3 20. bxc3 b5 21. Rab1 Rab8 22. d4 exd4 23. Bxb5 Nde5 24. Nxe5 Bxe5 25. Bxc6 dxc3 26. Rxb8 Bxb8 27. Bb7 Rc7 $1 28. Bg5+ f6 29. Bd5 (29. Bxf6+ $5 Kxf6 30. Bd5 $14) 29... fxg5 30. Rc1 Rc8 31. Rxc3 Be5 32. Rc4 g4 33. Ra4 $1 Kf6 34. Rxa7 c4 35. Ra6+ Kg5 36. Rc6 Rxc6 37. Bxc6 Kxh6 (37... c3 $5 38. Ba4 $8 Kxh6 $17) 38. Kg2 Kg5 39. Bb5 c3 40. Bd3 Kf6 41. f4 gxf3+ 42. Kxf3 h5 43. a4 Bc7 44. e5+ $1 Bxe5 45. a5 g5 46. a6 Bb8 47. Ke4 g4 (47... Bxg3 48. a7 g4 49. a8=Q $18 (49. a8=B h4 $11)) 48. Bc2 Ba7 (48... Bxg3 49. a7 Kg5 50. a8=Q (50. a8=B h4 $11) 50... Bc7 51. Qb7 Bd8 52. Qg7+ Kh4 53. Kf4 (53. Qxc3 Kg5 54. Qe5+ Kh4 55. Kf4 Bg5+ 56. Qxg5+ Kh3 57. Qxh5+ Kg2 58. Qxg4+ Kf2 59. Bd3 Ke1 60. Qe2#)) 49. Bb3 Bb6 50. Ba4 Ke6 51. Kf4 Kd5 52. Kg5 Ke4 53. Kxh5 Kf3 54. Kh4 $1 Bd8+ 55. Kh5 Bb6 $1 56. Kh4 1/2-1/2